Map: Dusk Towers

Players

Happy

  • Race: Terran Terran
  • League: Grandmaster

LiquidSnute (Snute) - Winner!

  • Race: Zerg Zerg
  • League: Grandmaster

Event: 2016 WCS Winter Challenger Europe

VOD

Have the link to the VOD?

Description

Time

  • Played on: Feb. 13, 2016, 2:17 p.m.
  • Length: 12:13

All games in this series

Show
View Real Time Build Order
Export as new Build Order

Happy Terran 

Build Orders: Liberator Opening, Reaper Expand, MMM Bio 

Get SALT Encoding   

  12  0:00  SCV  
  13  0:12  SCV  
  14  0:17  Supply Depot  
  14  0:25  SCV  
  15  0:39  SCV  
  15  0:40  Barracks  
  16  0:44  Refinery  
  16  0:51  SCV  
  17  1:03  SCV  
  18  1:15  SCV  
  19  1:27  Reaper, Orbital Command  
  20  1:41  Command Center  
  20  1:48  Refinery  
  20  1:52  SCV  
  21  1:57  Supply Depot  
  21  2:05  SCV  
  22  2:10  Factory  
  22  2:19  Barracks Reactor, SCV  
  23  2:31  SCV  
  24  2:43  SCV  
  25  2:53  Orbital Command  
  25  2:57  Starport  
  25  3:00  SCV  
  25  3:01  Hellion x2  
  25  3:02  Marine  
  31  3:07  Supply Depot  
  31  3:13  SCV  
  32  3:21  Marine  
  32  3:23  Hellion x2  
  37  3:29  Armory  
  37  3:34  Medivac  
  37  3:35  SCV  
  37  3:36  SCV  
  37  3:40  Marine  
  42  3:46  Hellion  
  42  3:48  Hellion  
  46  3:49  Liberator, SCV  
  46  3:54  Supply Depot  
  47  3:56  SCV  
  47  4:01  SCV  
  49  4:08  SCV  
  53  4:13  SCV  
  53  4:16  Marine  
  56  4:20  SCV  
  56  4:25  SCV  
  56  4:29  Command Center  
  57  4:32  SCV  
  57  4:36  Supply Depot, Liberator  
  57  4:37  SCV  
  45  4:56  Factory Tech Lab, Marine x2  
  45  4:58  SCV x2, Engineering Bay x2  
  50  5:03  Refinery x2, Supply Depot  
  50  5:10  Barracks, SCV  
  50  5:13  Barracks  
  51  5:17  Siege Tank  
  51  5:20  SCV  
  55  5:21  Marine x2  
  55  5:27  Terran Infantry Weapons Level 1  
  57  5:29  SCV, Terran Infantry Armor Level 1  
  58  5:37  SCV, Starport Reactor  
  58  5:38  Supply Depot  
  58  5:41  Orbital Command  
  59  5:48  Marine x2  
  61  5:52  Supply Depot  
  61  5:54  SCV  
  61  5:55  SCV  
  63  6:02  Barracks Tech Lab x2, Orbital Command  
  63  6:08  Barracks x2  
  63  6:09  Siege Tank  
  63  6:11  Marine x2  
  68  6:18  SCV x2  
  70  6:21  Combat Shields, Stimpack  
  70  6:24  Supply Depot  
  70  6:28  Marine x2  
  72  6:37  Supply Depot, SCV x2  
  74  6:42  Marine  
  74  6:46  Medivac x2  
  79  6:48  Siege Tank, SCV  
  79  6:49  SCV  
  79  6:50  SCV  
  79  6:51  Marine  
  86  6:57  Barracks  
  86  7:00  SCV  
  87  7:02  Factory  
  87  7:05  Barracks Reactor, Marine  
  87  7:07  Marine x2  
  90  7:11  SCV x2  
  90  7:14  Marine  
  90  7:15  Barracks Reactor  
  91  7:18  Medivac x2  
  91  7:20  SCV  
  91  7:22  Supply Depot  
  96  7:23  SCV  
  96  7:24  Refinery  
  96  7:25  Refinery  
  96  7:28  Marine  
  96  7:29  SCV  
  99  7:35  Marine  
  99  7:36  Marine  
  101  7:40  Marine  
  101  7:43  Marine  
  103  7:45  Barracks Reactor, Factory Tech Lab  
  103  7:46  Marine x2  
  103  7:48  Medivac  
  110  7:53  SCV, Marine x2  
  110  7:54  SCV x2  
  110  7:56  Terran Infantry Weapons Level 2  
  112  8:04  Marine x3  
  112  8:05  Siege Tank  
  118  8:06  SCV  
  118  8:08  Medivac, Marine x2  
  118  8:09  SCV x2  
  118  8:10  Marine  
  126  8:13  Supply Depot  
  126  8:15  Concussive Shells  
  126  8:16  Supply Depot  
  126  8:18  SCV  
  127  8:21  Marine x2  
  127  8:22  Marine  
  130  8:32  Marine x3  
  133  8:35  Marauder x2, SCV x2, Marine x2  
  133  8:37  Supply Depot  
  141  8:47  Marine x2  
  141  8:48  Siege Tank x2  
  149  8:56  Terran Infantry Armor Level 2  
  149  8:58  Marauder, Marine x2  
  149  9:00  Terran Vehicle Weapons Level 1  
  149  9:02  Supply Depot  
  153  9:03  Supply Depot x2  
  153  9:13  Command Center  
  153  9:14  Supply Depot  
  153  9:15  Marine x2  
  153  9:16  Marine  
  153  9:17  Marine  
  156  9:24  Marauder x2, Marine  
  162  9:26  SCV  
  162  9:28  Supply Depot  
  162  9:29  Supply Depot  
  162  9:42  Medivac x2, Marine x2  
  167  9:57  Ghost Academy  
  161  10:00  Barracks  
  161  10:06  Command Center  
  161  10:07  Marine  
  161  10:08  Marauder, Marine x4  
  161  10:09  Marauder  
  161  10:11  Medivac  
  161  10:12  Medivac  
  174  10:17  Barracks  
  174  10:30  Command Center  
  174  10:32  Liberator  
  174  10:38  Liberator  
  160  10:49  Ghost x2  
  137  10:50  Barracks Tech Lab  
  142  10:59  Marine x2  
  144  11:10  Ghost  
  146  11:18  Ghost  
  126  11:33  Orbital Command  
  126  11:38  Ghost, Marine  
  126  11:39  Ghost  
Show
View Real Time Build Order
Export as new Build Order

LiquidSnute Zerg - Winner!

Build Orders: Hatch First 

Get SALT Encoding   

  12  0:00  Drone  
  13  0:12  Overlord  
  13  0:17  Drone  
  14  0:30  Drone x2  
  14  0:34  Drone  
  17  0:50  Hatchery  
  17  0:54  Drone  
  17  0:56  Drone  
  18  1:10  Spawning Pool  
  17  1:14  Extractor  
  17  1:15  Drone  
  17  1:19  Drone  
  18  1:28  Drone  
  19  1:38  Overlord  
  19  1:49  Drone  
  20  1:57  Queen  
  20  2:00  Zergling x2  
  23  2:02  Zergling x2, Queen  
  26  2:10  Drone  
  26  2:13  Drone  
  26  2:15  Metabolic Boost  
  28  2:21  Drone  
  29  2:24  Drone  
  30  2:32  Queen  
  30  2:33  Drone  
  33  2:38  Drone  
  33  2:42  Overlord  
  34  2:52  Extractor  
  34  2:54  Drone x2  
  34  2:56  Drone  
  36  3:04  Drone x3  
  39  3:06  Drone  
  39  3:07  Drone  
  39  3:09  Drone  
  39  3:10  Drone x2  
  44  3:16  Overlord  
  44  3:19  Roach Warren  
  44  3:20  Extractor  
  43  3:29  Hatchery  
  43  3:30  Zergling x4  
  44  3:36  Drone  
  44  3:38  Drone  
  44  3:41  Drone x4  
  50  3:42  Drone x2  
  50  3:45  Overlord  
  52  3:51  Overlord  
  52  4:04  Roach  
  52  4:05  Roach x2  
  58  4:12  Roach  
  58  4:14  Roach  
  58  4:15  Roach  
  58  4:17  Drone x4  
  68  4:25  Overlord x2  
  68  4:40  Zergling x2  
  64  4:46  Drone  
  64  4:47  Drone  
  64  4:49  Drone x3  
  64  4:50  Drone x5  
  64  4:52  Drone  
  70  4:56  Queen x2  
  72  5:01  Ravager x2  
  72  5:03  Roach x3  
  80  5:08  Extractor  
  80  5:11  Extractor  
  78  5:15  Drone x4  
  78  5:16  Drone x2  
  78  5:17  Spore Crawler  
  83  5:21  Overlord  
  83  5:23  Ravager  
  83  5:25  Drone  
  83  5:26  Drone  
  86  5:29  Drone x2  
  86  5:31  Drone  
  89  5:35  Overlord  
  89  5:37  Overlord  
  89  5:39  Spore Crawler  
  89  5:40  Drone  
  89  5:41  Hatchery  
  89  5:42  Drone x2  
  90  5:43  Drone  
  90  5:44  Drone  
  90  5:45  Lair, Extractor x2  
  90  5:49  Overlord x2  
  90  5:51  Pneumatized Carapace  
  90  5:56  Queen  
  92  6:01  Drone  
  92  6:02  Drone, Evolution Chamber  
  92  6:03  Drone, Evolution Chamber  
  93  6:04  Drone  
  93  6:06  Drone x2  
  93  6:09  Drone x3  
  100  6:11  Drone x2  
  100  6:17  Drone x4  
  105  6:21  Overlord  
  105  6:24  Ravager x2  
  108  6:25  Zergling x2  
  108  6:31  Zerg Ground Armor Level 1, Zerg Melee Weapons Level 1  
  108  6:32  Queen  
  111  6:38  Hatchery  
  109  6:45  Spore Crawler  
  108  6:47  Infestation Pit  
  108  6:48  Drone x2  
  108  6:51  Baneling Nest  
  108  6:54  Zergling x2  
  108  6:55  Zergling x12  
  108  6:58  Glial Reconstitution  
  115  7:07  Hatchery  
  113  7:12  Zergling x2  
  113  7:13  Zergling x14  
  121  7:25  Hive  
  120  7:37  Overlord  
  120  7:38  Overlord x3  
  120  7:54  Overlord x2  
  119  8:03  Overlord  
  119  8:04  Roach x3  
  119  8:05  Roach  
  127  8:11  Zergling x28  
  141  8:13  Baneling x10  
  141  8:20  Hatchery  
  141  8:23  Zergling x2  
  141  8:24  Zergling x12  
  147  8:30  Ravager x4  
  151  8:37  Extractor x2  
  151  8:38  Adrenal Glands  
  149  8:45  Zerg Melee Weapons Level 2, Zerg Ground Armor Level 2  
  149  8:47  Ultralisk Cavern  
  148  8:52  Spore Crawler  
  146  9:01  Zergling x4  
  146  9:02  Zergling x44  
  170  9:18  Overlord  
  170  9:19  Overlord x2  
  170  9:35  Chitinous Plating  
  170  9:36  Ultralisk  
  170  9:37  Ultralisk x3  
  193  9:49  Ultralisk  
  195  10:09  Hatchery  
  195  10:12  Zergling x2  
  195  10:13  Zergling x8  
  199  10:16  Centrifical Hooks  
  174  10:43  Ultralisk x2, Overlord, Zergling x6  
  174  10:44  Ultralisk x2, Zergling x14  
  174  10:45  Zergling x2  
  200  10:56  Pathogen Glands  
  200  11:01  Burrow  
  200  11:17  Zergling x2  
  200  11:18  Zergling x2  
  198  11:25  Hatchery  
  174  11:51  Zergling x12  
  174  11:52  Zergling x4  
  197  12:05  Spire  
Tags
 
Add a new tag
Caveats
  • Supply blocks, unpowered buildings, or Contaminate may cause inaccurate times.
  • Supply counts are checked every 10 seconds.